Map: Abyssal Reef LE

Players

souL

  • Race: Terran Terran
  • Spawn Location: 11:00

Dayshi - Winner!

  • Race: Terran Terran
  • Spawn Location: 5:00

Event: IEM XI Katowice - World Championship 2017

VOD

Have the link to the VOD?

Description

Time

  • Played on: Feb. 27, 2017, 11:24 a.m.
  • Length: 10:13

All games in this series

Show
View Real Time Build Order
Export as new Build Order

souL Terran 

Build Orders: Cyclone Opening, Reaper Expand, MMM Bio 

Get SALT Encoding   

  12  0:00  SCV  
  13  0:12  SCV  
  14  0:17  Supply Depot  
  14  0:25  SCV  
  15  0:28  Refinery  
  15  0:38  SCV  
  16  0:44  Barracks  
  16  0:50  SCV  
  17  1:03  SCV  
  18  1:22  SCV  
  19  1:33  Reaper  
  19  1:35  Orbital Command  
  20  1:46  Command Center  
  20  1:57  Factory  
  20  2:02  SCV  
  20  2:07  Refinery  
  21  2:10  Barracks Reactor  
  21  2:14  SCV  
  22  2:20  Supply Depot  
  22  2:26  SCV  
  23  2:42  SCV, Cyclone  
  27  2:47  Marine  
  27  2:48  Marine  
  29  2:54  SCV  
  30  3:01  Starport  
  30  3:03  Orbital Command  
  30  3:06  SCV  
  30  3:12  Marine  
  32  3:14  Marine  
  31  3:20  Factory Tech Lab  
  31  3:21  SCV  
  32  3:30  Marine, SCV  
  32  3:32  Marine  
  32  3:33  SCV  
  36  3:42  SCV  
  36  3:43  Supply Depot  
  36  3:45  Raven, SCV  
  40  3:49  Factory Tech Lab  
  40  3:54  SCV  
  40  3:55  Marine  
  41  3:57  SCV  
  41  4:01  Marine  
  44  4:06  Supply Depot, SCV  
  44  4:09  SCV  
  46  4:11  Siege Tank  
  46  4:14  Marine  
  50  4:18  SCV  
  50  4:19  Marine  
  50  4:22  SCV  
  53  4:25  Supply Depot  
  53  4:30  SCV  
  54  4:34  SCV  
  51  4:42  SCV  
  52  4:46  Viking, Barracks x2  
  52  4:52  Viking  
  56  4:54  SCV  
  56  4:55  SCV  
  57  5:01  Engineering Bay  
  57  5:05  Refinery  
  57  5:06  SCV  
  57  5:07  SCV  
  57  5:08  Marine  
  57  5:12  Supply Depot  
  55  5:18  SCV  
  55  5:19  SCV  
  56  5:21  Viking  
  58  5:30  SCV  
  58  5:31  Terran Infantry Weapons Level 1, SCV  
  61  5:40  Stimpack  
  61  5:42  SCV  
  61  5:43  SCV  
  61  5:44  Barracks Reactor  
  62  5:51  Refinery  
  62  5:54  SCV  
  62  5:55  Supply Depot, SCV, Barracks Reactor  
  62  5:56  Marine, Supply Depot  
  65  5:57  Barracks  
  65  5:58  Barracks  
  65  6:06  SCV  
  65  6:07  SCV  
  65  6:08  Siege Tank  
  70  6:14  Marine  
  71  6:18  SCV  
  71  6:21  Marine  
  73  6:27  Marine  
  73  6:32  Marine  
  75  6:36  SCV x2  
  75  6:39  Marine  
  78  6:40  Siege Tank  
  78  6:45  Marine  
  81  6:48  SCV x2  
  81  6:50  Marine  
  86  6:58  Barracks Reactor  
  86  6:59  Barracks Reactor  
  86  7:03  Supply Depot x2  
  86  7:14  SCV x2, Medivac  
  86  7:16  Command Center  
  86  7:24  Marine x5  
  86  7:25  Siege Tank, Medivac  
  86  7:26  SCV x2  
  98  7:34  Marine  
  98  7:35  Marine x2  
  98  7:36  Marine  
  100  7:38  SCV x2  
  100  7:42  Marine x5  
  100  7:44  Medivac  
  91  7:52  Marine  
  91  7:53  Marine x2  
  91  7:54  Marine  
  91  7:55  Medivac  
  82  8:00  Marine x5  
  69  8:10  Marine x2  
  69  8:11  Marine  
  69  8:12  Marine  
  60  8:16  Combat Shields  
  60  8:18  Marine x2  
  62  8:24  Marine  
  63  8:27  Marine  
  63  8:33  SCV x2  
  66  8:38  Marine  
  66  8:42  Marine  
  66  8:44  Marine x2  
  66  8:47  SCV  
  65  8:53  Siege Tank  
  60  8:56  Marine  
  60  8:57  Marine x3  
  60  8:58  Marine  
  62  9:04  Marine  
  57  9:10  Marine  
  57  9:11  Marine  
  57  9:12  Marine  
  51  9:23  Marine x2  
  53  9:33  Marine  
  53  9:34  Marine  
  53  9:37  Marine  
  56  9:40  Marine  
  57  9:46  Marine  
  57  9:52  Marine  
  59  9:53  Marine  
Show
View Real Time Build Order
Export as new Build Order

Dayshi Terran - Winner!

Build Orders: 1/1/1, Cyclone Opening, MMM Bio 

Get SALT Encoding   

  12  0:00  SCV  
  13  0:12  SCV  
  14  0:17  Supply Depot  
  14  0:24  SCV  
  14  0:28  Refinery  
  15  0:38  SCV  
  16  0:45  Barracks  
  16  0:51  SCV  
  17  1:00  Refinery  
  17  1:03  SCV  
  18  1:15  SCV  
  19  1:32  Reaper, Orbital Command  
  20  1:36  Factory  
  20  1:43  Supply Depot  
  20  1:57  SCV  
  21  2:04  Reaper  
  22  2:09  SCV  
  23  2:21  Hellion, SCV  
  23  2:22  Starport  
  26  2:28  Supply Depot  
  26  2:34  SCV  
  26  2:46  Barracks Tech Lab  
  26  2:48  Cyclone  
  26  2:49  SCV  
  30  2:58  Supply Depot  
  30  3:01  SCV  
  31  3:10  Raven  
  33  3:18  SCV  
  31  3:27  Barracks Reactor  
  31  3:31  Command Center  
  31  3:33  Factory Tech Lab  
  31  3:34  SCV  
  32  3:55  Raven  
  33  3:56  SCV  
  34  4:03  Marine x2  
  34  4:08  SCV  
  37  4:11  Barracks  
  37  4:16  Barracks  
  37  4:17  Siege Tank  
  37  4:21  Marine x2, SCV  
  43  4:33  SCV  
  44  4:44  Orbital Command  
  44  4:45  SCV  
  44  4:46  Starport Reactor  
  44  4:52  Refinery  
  45  4:54  Stimpack  
  45  4:58  SCV  
  46  5:10  SCV  
  47  5:16  Siege Tank  
  50  5:22  Supply Depot, SCV  
  50  5:23  Marine x3, SCV  
  50  5:26  Marine x2  
  57  5:30  Starport Reactor  
  57  5:34  SCV  
  56  5:38  SCV  
  56  5:40  Marine  
  56  5:46  SCV  
  56  5:49  Siege Tank  
  60  5:50  Marine  
  60  5:51  Marine x3  
  60  5:55  Supply Depot  
  60  5:56  SCV  
  65  5:58  Marine, SCV  
  67  6:08  SCV  
  68  6:15  SCV  
  67  6:20  SCV  
  67  6:21  Siege Tank  
  67  6:22  Medivac x2  
  67  6:23  Marine x3  
  78  6:39  Marine x2, Barracks  
  78  6:40  SCV x2, Barracks  
  78  6:41  Marine, Supply Depot  
  78  6:43  Marine x2  
  85  6:57  Marine, Combat Shields  
  86  7:03  Marine, Medivac x2  
  86  7:04  Marine  
  86  7:06  SCV  
  86  7:07  SCV  
  94  7:10  Supply Depot  
  94  7:24  Command Center  
  94  7:29  Siege Tank  
  97  7:31  Marine  
  95  7:39  Marine  
  96  7:44  Marine x2  
  96  7:50  Marine x2  
  96  7:54  SCV x2  
  96  7:56  Barracks Reactor  
  96  7:57  Medivac x2, Barracks Reactor  
  88  7:58  Marine  
  83  8:06  SCV x2  
  83  8:10  Marine  
  83  8:11  Marine x3  
  80  8:15  Refinery  
  80  8:20  Marine  
  80  8:25  SCV x2  
  83  8:27  Medivac x2  
  83  8:28  Marine  
  88  8:35  Marine x6  
  88  8:38  Siege Tank  
  97  8:48  Marine x2  
  96  8:56  Marine  
  96  8:57  Marine x4, Medivac x2  
  96  8:58  Marine  
  96  8:59  Marine  
  107  9:06  Marine x2  
  109  9:10  Liberator  
  109  9:13  SCV x2, Orbital Command  
  109  9:14  Engineering Bay  
  103  9:18  Engineering Bay  
  103  9:20  Marine  
  103  9:22  Siege Tank  
  110  9:43  Marine x2  
  110  9:44  Marine x7  

Tags
 
Add a new tag
Caveats
  • Supply blocks, unpowered buildings, or Contaminate may cause inaccurate times.
  • Supply counts are checked every 10 seconds.